 Dungeon Crawl Stone Soup version 0.20-a0-1006-ge6c5631 (webtiles) character file.

363 Lifeless the Chopper (level 7, -1/54 HPs)
             Began as a Human Abyssal Knight on Apr 13, 2017.
             Was a Priest of Lugonu.
             Killed from afar by an orc wizard (5 damage)
             ... with a magic dart
             ... on level 3 of the Dungeon.
             The game lasted 00:14:39 (5934 turns).

Lifeless the Chopper (Human Abyssal Knight)         Turns: 5934, Time: 00:14:39

Health: -1/54      AC:  8    Str: 14    XL:     7   Next: 0%
Magic:  8/8        EV: 17    Int: 13    God:    Lugonu [***...]
Gold:   192        SH:  0    Dex: 17    Spells: 6/6 levels left

rFire    . . .     SeeInvis .   b - +0 whip (freeze)
rCold    + . .     Gourm    .   (no shield)
rNeg     + . .     Faith    .   j - +1 ring mail {rN+}
rPois    .         Spirit   .   g - +2 hat
rElec    .         Reflect  .   m - scarf {rC+}
rCorr    .         Harm     .   (no gloves)
MR       .....                  (no boots)
Stlth    ++........             (no amulet)
Regen    0.2/turn               (no ring)
MPRegen  0.2/turn               (no ring)

@: agile
A: no striking features
a: Depart the Abyss, Bend Space, Banish, Renounce Religion


You were on level 3 of the Dungeon.
You worshipped Lugonu.
Lugonu was most pleased with you.
You were very hungry.

You visited 1 branch of the dungeon, and saw 4 of its levels.
You visited the Abyss 1 time.

You collected 192 gold pieces.

Inventory:

Hand Weapons
 a - a +1 hand axe
 b - a +0 whip of freezing (weapon)
Armour
 g - a +2 hat (worn)
 j - a +1 ring mail of positive energy (worn)
 m - a scarf of cold resistance (worn)
Scrolls
 e - a scroll of recharging
 n - a scroll of magic mapping
 q - a scroll of teleportation
Potions
 f - a potion of flight
 i - a potion of cancellation
 k - a potion of curing {unknown}
Comestibles
 c - 4 bread rations
 l - 2 meat rations
 p - a royal jelly


   Skills:
 + Level 4.2 Fighting
 * Level 4.5 Axes
 + Level 3.5 Armour
 + Level 2.8 Dodging
 - Level 2.0 Invocations


You had 6 spell levels left.
You didn't know any spells.

Dungeon Overview and Level Annotations

Branches:
Dungeon (4/15)
 Temple: D:4-7

Altars:

Annotations:
D:4 Lifeless's ghost, amateur HuWn


Message History

You barely miss the orc wizard.
The orc wizard is almost dead.
The orc wizard completely misses you.
You closely miss the orc wizard.
The orc wizard is almost dead.
The orc wizard points at you and mumbles some strange words.
The magic dart hits you!
* * * LOW HITPOINT WARNING * * *
You barely miss the orc wizard.
The orc wizard is almost dead.
The orc wizard casts a spell at you. The magic dart hits you!
* * * LOW HITPOINT WARNING * * *
Your ring mail prevents you from hitting the orc wizard.
The orc wizard is almost dead.
The orc wizard hits you but does no damage.
You feel agile all of a sudden.
The orc wizard gestures at you while chanting.
The magic dart hits you!
You die...

#.# #.# ##..........###
#.# #.### #......###.#
#># #...# #......# #.###
#.###.#.####.##.### #....
#.#.#.#.#.##.##.#####..##
#..........#.#.........#
#.#.##'##.#..##.#####.##
#...#...#...##### ##.##
###.'..o@.#.# ##.#.##
#..#...#...# ##.###.#
##.##'##.#.######.## ##.
#................## ##
##.#.#.#.#.######.## ##.
#..###.....#######.###..
#....o.............)#..#
#.####.....###.(........
#.# #.....# #)#########


You could see an orc wizard.

Vanquished Creatures
  A scorpion (D:4)
  A crimson imp (D:4)
  An orc priest (D:4)
  A centaur skeleton (D:4)
  An iguana (D:3)
  An orc wizard (D:3)
  A worker ant (D:4)
  5 adders
  A worm (D:4)
  A dart slug (D:1)
  2 leopard geckos
  11 orcs
  4 bats
  6 giant cockroaches
  12 goblins
  6 hobgoblins
  4 jackals (D:1)
  13 kobolds
  3 quokkas
  3 ball pythons (D:3)
  2 frilled lizards
  2 leopard gecko skeletons (D:4)
  A quokka skeleton (D:4)
  8 rats
91 creatures vanquished.

Notes
Turn   | Place    | Note
-------+----------+-------------------------------------------
     0 | Abyss:1  | Lifeless the Human Abyssal Knight began the quest for the Orb.
     0 | Abyss:1  | Reached XP level 1. HP: 18/18 MP: 2/2
    17 | D:1      | Escaped the Abyss
   154 | D:1      | Reached XP level 2. HP: 21/24 MP: 3/3
   588 | D:1      | Reached XP level 3. HP: 26/29 MP: 4/4
   626 | D:1      | Reached ** piety under Lugonu
  1503 | D:2      | Reached XP level 4. HP: 29/36 MP: 5/5
  2213 | D:2      | Found a faded altar of an unknown god.
  2423 | D:2      | You fall through a shaft for 2 floors!
  2450 | D:4      | Reached XP level 5. HP: 12/42 MP: 6/6
  3302 | D:3      | Reached XP level 6. HP: 30/48 MP: 7/7
  4228 | D:4      | Noticed Lifeless's ghost (amateur HuWn)
  5131 | D:4      | Reached *** piety under Lugonu
  5916 | D:3      | Reached XP level 7. HP: 29/54 MP: 8/8
  5934 | D:3      | Killed from afar by an orc wizard

Vault maps used:
D:1:      kennysheep_arrival_forest, item_on_display_a
D:2:      chequers_ecumenical_altar_simple_redux, serial_bayou_lake_a
D:3:      minmay_misc_feat_doors, minmay_statues_item

Skill      XL: |  1  2  3  4  5  6 |
---------------+-------------------+-----
Dodging        | 2 |  2.8
Axes           | 3 4 |  4.5
Fighting       | 4 |  4.2
Armour         | 3 |  3.5
Invocations    | |  2.0

Action                   |  1- 3 |  4- 6 |  7- 9 || total
-------------------------+-------+-------+-------++-------
Melee: Hand axe          |   139 |   197 |       ||   336
       Whip              |       |   180 |    11 ||   191
  Use: Scroll            |     4 |    11 |       ||    15
       Potion            |       |     2 |     1 ||     3
  Eat: Chunk             |     1 |    10 |       ||    11
       Bread ration      |       |     1 |       ||     1
Armor: Ring mail         |    69 |   121 |       ||   190
Dodge: Dodged            |    96 |   181 |     5 ||   282
